[ AOE2 MATCH · #506174851 ]
UnrankedMongols vs Khmer
Player's team · LOSS
Rival team · WIN
[ REPLAY ANALYSIS · EXTRACTED FROM THE RECORDED GAME ]
Feudal
—
Castle
—
Imperial
—
| APM avg | 35.9 |
| APM peak | 88 |
| eAPM avg | 14.3 |
| Villagers / military | 22 / 0 |
Focus
⚔️ 13.4% · 🌾 86.6%
Feudal
—
Castle
—
Imperial
—
| APM avg | 0.5 |
| APM peak | 5 |
| eAPM avg | 0.5 |
| Villagers / military | 0 / 0 |
Match map
Initial resources + every placement click. Lines = walls · curves = elevation contours. ◆ gold · ⬟ stone · ● berries · ✦ relic · ◌ wall gap
Your base
JakeyHaHa's base
Smoothed initial terrain · ◌ = detected wall gap · hover for details
Inputs per minute
— Otide - - JakeyHaHa
Build order — Otide
32 actions detected in the replay
| 0:00 | Queue | Villager (Male) |
| 0:00 | Queue | Villager (Male) |
| 0:00 | Queue | Villager (Male) |
| 0:01 | Queue | Villager (Male) |
| 0:02 | Build | House |
| 0:03 | Build | House |
| 1:29 | Queue | Villager (Male) |
| 2:03 | Build | Lumber Camp |
| 2:04 | Queue | Villager (Male) |
| 2:15 | Queue | Villager (Male) |
| 2:49 | Queue | Villager (Male) |
| 3:04 | Queue | Villager (Male) |
| 3:46 | Queue | Villager (Male) |
| 3:47 | Queue | Villager (Male) |
| 4:01 | Queue | Villager (Male) |
| 4:02 | Build | House |
| 4:04 | Build | House |
| 4:09 | Build | House |
| 4:13 | Build | Palisade Wall |
| 4:42 | Queue | Villager (Male) |
| 4:42 | Queue | Villager (Male) |
| 4:44 | Build | Mill |
| 5:06 | Queue | Villager (Male) |
| 5:19 | Build | Palisade Wall |
| 6:03 | Queue | Villager (Male) |
| 6:03 | Queue | Villager (Male) |
| 6:03 | Queue | Villager (Male) |
| 6:39 | Research | Loom |
| 6:46 | Queue | Villager (Male) |
| 6:46 | Queue | Villager (Male) |
| 7:14 | Queue | Villager (Male) |
| 7:14 | Queue | Villager (Male) |
Build order — JakeyHaHa
0 actions detected in the replay
Match timeline
| 4:13 | Otide · wall_segment Palisade Wall x5 |
| 5:19 | Otide · wall_segment Palisade Wall x1 |
[ AI ANALYSIS · 1 CREDIT ]
What really happened in this match?
Wolo.gg analyzes every decision: build order, eco, micro, common mistakes by bracket. Personalized analysis on WhatsApp or Discord in 30 seconds.
Civ guide
Mongols
Perfil
Otide